 Dungeon Crawl Stone Soup version 0.27-a0-1525-g1038ab4fd7 (console) character file.

Game seed: 501710772160666020

246 jejorda2 the Poker (level 6, -2/49 HPs)
             Began as a Merfolk Berserker on July 10, 2021.
             Was a Priest of Trog.
             Slain by Sigmund (10 damage)
             ... on level 4 of the Dungeon.
             The game lasted 00:05:58 (2719 turns).

jejorda2 the Poker (Merfolk Berserker)              Turns: 2719, Time: 00:05:58

Health: -2/49      AC:  8    Str: 19    XL:     6   Next: 11%
Magic:  6/6        EV:  8    Int:  6    God:    Trog [***...]
Gold:   123        SH:  0    Dex: 14    Spells: 5/5 levels left

rFire    + . .     SeeInvis .   a - +0 trident
rCold    . . .     Faith    .   (no shield)
rNeg     . . .     Spirit   .   j - +0 chain mail
rPois    .         Reflect  .   (no helmet)
rElec    .         Harm     .   (no cloak)
rCorr    .         Rampage  .   (no gloves)
Will     ++...                  (no boots)
Stlth    ..........             (no amulet)
HPRegen  1.16/turn              m - ring of protection from fire
MPRegen  0.10/turn              (no ring)

@: strong-willed, on berserk cooldown, regenerating, slowed, very slow
A: (nimble swimmer 2), mertail
a: Renounce Religion, Berserk, Trog's Hand


You were on level 4 of the Dungeon.
You worshipped Trog.
Trog was most pleased with you.
You visited 1 branch of the dungeon, and saw 4 of its levels.

You collected 123 gold pieces.

Inventory:

Hand Weapons
 a - a +0 trident (weapon)
Missiles
 f - 16 poisoned darts (quivered)
Armour
 h - a +0 plate armour
 j - a +0 chain mail (worn)
Jewellery
 m - a ring of protection from fire (left hand)
Scrolls
 d - 2 scrolls of teleportation {unknown}
 g - a scroll of brand weapon {unknown}
 i - a scroll of noise {unknown}
 k - a scroll of enchant armour {unknown}
Potions
 b - 3 potions of heal wounds {unknown}
 c - a potion of haste {unknown}
 e - a potion of brilliance {unknown}
 l - a potion of attraction {unknown}
 n - a potion of invisibility {unknown}


   Skills:
 + Level 4.6 Fighting
 * Level 7.4 Polearms
 + Level 2.5 Armour
 - Level 2.6 Dodging


You had 5 spell levels left.
You didn't know any spells.
Your spell library was empty.

Dungeon Overview and Level Annotations

Branches:
Dungeon (4/15)
 Temple: D:4-7

Altars:

Shops:
D:4 =

Annotations:
D:4 Sigmund


Innate Abilities, Weirdness & Mutations

((You are quick and stealthy near water. (Stealth+, EV+, Speed+++)))
Your lower body shifts to a powerful aquatic tail in water.


Message History

The iguana is heavily wounded.
The iguana closely misses you.
You hit the iguana.
The iguana is severely wounded.
Something hits you! The iguana bites you!
You are too injured to fight recklessly!
You are too injured to fight recklessly!
You are too injured to fight recklessly!
A red film seems to cover your vision as you go berserk!
You feel yourself moving faster!
You feel mighty! Something hits you. The iguana barely misses you.
You hit the iguana but do no damage.
The iguana is severely wounded.
Something hits you.
You puncture the iguana!
You kill the iguana!
Trog accepts your kill.
You have reached level 6!
Your experience leads to an increase in your attributes!
Increase (S)trength, (I)ntelligence, or (D)exterity?
You feel stronger. Something hits you but does no damage.
Found an escape hatch in the ceiling.
You see here an iguana corpse.
You feel a strong urge to attack something.
You hear some strange, mumbled words.
Something tries to affect you, but you resist.
You feel your anger nearly subside.
You are no longer berserk.
You are exhausted.
You feel yourself slow down. Something hits you.
* * * LOW HITPOINT WARNING * * *
Something hits you.
* * * LOW HITPOINT WARNING * * *
Something hits you.
* * * LOW HITPOINT WARNING * * *
Your skin crawls.
You feel strong-willed. Something hits you!
You die...

#..........#
#..........#####
#..........#....
#...(>:.........
####.†######....
####........##....
#...........##....
#.##............∩.
#@##........##....
#.##........##....
............##....
...........<.###...
.#####........#
#.## #. #........#
#.# # ## #.


There were no monsters in sight!

Vanquished Creatures
  Terence (D:2)
  An orc priest (D:3)
  Jessica (D:2)
  An iguana (D:4)
  An orc wizard (D:3)
  4 adders
  A worm (D:3)
  3 dart slugs
  3 orcs
  5 ball pythons
  6 endoplasms
  3 giant cockroaches (D:3)
  9 goblins
  6 hobgoblins
  4 jackals (D:1)
  6 kobolds
  2 quokkas
  5 bats
  3 frilled lizards
  7 rats
72 creatures vanquished.

Vanquished Creatures (others)
  An orc (D:3)
1 creature vanquished.

Grand Total: 73 creatures vanquished

Notes
Turn   | Place    | Note
-------+----------+-------------------------------------------
     0 | D:1      | jejorda2 the Merfolk Berserker began the quest for the Orb.
     0 | D:1      | Reached XP level 1. HP: 18/18 MP: 1/1
   244 | D:1      | Reached XP level 2. HP: 21/24 MP: 2/2
   281 | D:1      | Found a faded altar of an unknown god.
   391 | D:1      | Reached skill level 5 in Polearms
   616 | D:1      | Reached XP level 3. HP: 29/29 MP: 3/3
   637 | D:1      | Reached ** piety under Trog
  1234 | D:2      | Noticed Jessica
  1239 | D:2      | Killed Jessica
  1240 | D:2      | Reached skill level 6 in Polearms
  1240 | D:2      | Reached XP level 4. HP: 37/37 MP: 4/4
  1704 | D:2      | Noticed Terence
  1711 | D:2      | Killed Terence
  1712 | D:2      | Reached XP level 5. HP: 42/42 MP: 5/5
  2126 | D:3      | Reached *** piety under Trog
  2157 | D:3      | Reached skill level 7 in Polearms
  2687 | D:4      | Found Onluin's Jewellery Boutique.
  2701 | D:4      | Noticed Sigmund
  2710 | D:4      | Reached XP level 6. HP: 28/49 MP: 6/6
  2719 | D:4      | Slain by Sigmund

Illustrated notes

Levels and vault maps discovered:
D:1:      lightli_arrival_windingriver, layout_rooms,
          hellmonk_ecumenical_altar_blasted
D:2:      layout_basic, uniq_jessica, uniq_terence
D:3:      layout_loops_ring, lemuel_old_faithful
D:4:      layout_rooms, serial_shops, shop, uniq_sigmund, uniq_eustachio

Skill      XL: |  1  2  3  4  5 |
---------------+----------------+-----
Polearms       | 5 6 7 |  7.4
Armour         | 2 |  2.5
Fighting       | 4 |  4.6
Dodging        | |  2.6

Action                   |  1- 3 |  4- 6 || total
-------------------------+-------+-------++-------
Melee: Spear             |   109 |    46 ||   155
       Trident           |       |    64 ||    64
Throw: Dart              |    14 |    11 ||    25
Invok: Berserk           |     1 |     3 ||     4
       Trog's Hand       |       |     1 ||     1
Armor: Animal skin       |    14 |       ||    14
       Leather armour    |     1 |     3 ||     4
       Plate armour      |       |    18 ||    18
       Chain mail        |       |    19 ||    19
Dodge: Dodged            |    39 |    27 ||    66

Table legend: (Time is in decaauts)
 A = Elapsed time spent in this place.
 B = Non-inter-level travel time spent in this place.
 C = Inter-level travel time spent in this place.
 D = Time resting spent in this place.
 E = Time spent auto-exploring this place.
 F = Levels seen in this place.
 G = Mean time per level.
                   A        B        C        D        E       F      G
               +--------+--------+--------+--------+--------+-----+--------+
         Total |   2713 |   2661 |     52 |     44 |   2119 |   4 |  678.2 |
       Dungeon |   2713 |   2661 |     52 |     44 |   2119 |   4 |  678.2 |
               +--------+--------+--------+--------+--------+-----+--------+

Top non-repeatable levels by time:
     D:1: 1076 daAuts
     D:2: 926 daAuts
     D:3: 679 daAuts
     D:4: 31 daAuts
